 Dungeon Crawl Stone Soup version 0.22.0-40-g68aacdc (webtiles) character file.

9499 poirepourri the Severer (level 11, -8/106 HPs)
             Began as a Deep Dwarf Fighter on Sept 2, 2018.
             Was a High Priest of Makhleb.
             Mangled by a death knight
             ... wielding a +0 great sword
              (19 damage)
             ... on level 11 of the Dungeon.
             The game lasted 00:09:32 (8205 turns).

poirepourri the Severer (Deep Dwarf Fighter)        Turns: 8205, Time: 00:09:33

Health: -8/106     AC: 12    Str: 23    XL:     11   Next: 23%
Magic:  10/10      EV:  7    Int: 14    God:    Makhleb [*****.]
Gold:   567        SH: 13    Dex: 18    Spells: 10/10 levels left

rFire    . . .     SeeInvis .   b - +6 mace of Debt {crush, rPois rC+ rN+ Str+3}
rCold    + . .     Gourm    .   c - +3 shield
rNeg     + . .     Faith    .   C - +0 scale mail
rPois    +         Spirit   .   r - +1 hat
rElec    .         Reflect  .   D - +1 cloak
rCorr    .         Harm     .   l - +1 pair of gloves
MR       +....                  (no boots)
Stlth    ..........             (no amulet)
HPRegen  0.00/turn              q - +3 ring of dexterity
MPRegen  0.12/turn              z - +5 ring of intelligence

@: berserk cooldown, non-regenerating, slowed, very slow
A: damage resistance, heal wounds, sense surroundings 2, no regeneration
a: Heal Wounds, Minor Destruction, Lesser Servant of Makhleb, Major Destruction,
Greater Servant of Makhleb, Renounce Religion


You were on level 11 of the Dungeon.
You worshipped Makhleb.
Makhleb was extremely pleased with you.
You were not hungry.

You visited 1 branch of the dungeon, and saw 11 of its levels.
You also visited: Sewer.

You collected 697 gold pieces.
You spent 130 gold pieces at shops.

Inventory:

Hand Weapons
 a - a +5 war axe
 b - the +6 mace of Debt (weapon) {crush, rPois rC+ rN+ Str+3}
   (You found it on level 7 of the Dungeon)

   It inflicts extra damage upon your enemies.
   It affects your strength (+3).
   It protects you from cold.
   It protects you from poison.
   It protects you from negative energy.
Missiles
 u - 65 bolts
Armour
 c - a +3 shield (worn)
 l - a +1 pair of gloves (worn)
 r - a +1 hat (worn)
 C - a +0 scale mail (worn)
 D - a +1 cloak (worn)
Jewellery
 k - an uncursed ring of teleportation
 q - a +3 ring of dexterity (left hand)
 z - a +5 ring of intelligence (right hand)
Wands
 h - a wand of disintegration (13)
 j - a wand of clouds (4)
 x - a wand of acid (3)
 y - a wand of polymorph (12)
Scrolls
 e - 5 scrolls of fear
 n - 8 scrolls of remove curse
 p - 4 scrolls of teleportation
 s - 4 scrolls of amnesia
 v - a scroll of fog
Potions
 d - 3 potions of might
 g - a potion of flight {unknown}
 i - a potion of magic
 m - 2 potions of agility
 t - 2 potions of haste
 A - a potion of lignification
 G - 4 potions of cancellation
Comestibles
 f - 21 rations


   Skills:
 + Level 9.0 Fighting
 - Level 15.2(15.3) Axes
 - Level 3.3(10.0) Maces & Flails
 - Level 3.2 Armour
 - Level 3.2 Shields


You had 10 spell levels left.
You didn't know any spells.
Your spell library was empty.

Dungeon Overview and Level Annotations

Branches:
Dungeon (11/15)            Temple (0/1) D:6            Lair (0/6) D:9
    Orc: D:9-12

Altars:
Kikubaaqudgha
Makhleb
Nemelex Xobeh
Qazlal
Sif Muna
Vehumet
Yredelemnul
Zin

Shops:
D:5 %


Innate Abilities, Weirdness & Mutations

You are resistant to damage.
You can heal yourself by infusing magical energy.
You passively map the area around you.
You do not regenerate.


Message History

The death knight hits you but does no damage.
Items here: †††† a yak corpse; a leopard gecko corpse; an adder corpse; a yak corpse You block the death knight's attack.
You feel much better.
The death knight hits you but does no damage.
You hit the death knight but do no damage.
The death knight hits you but does no damage.
You sock the death knight!
The death knight is lightly wounded.
The death knight hits you with a great sword!
* * * LOW HITPOINT WARNING * * *
You barely miss the death knight.
The death knight is lightly wounded.
The death knight hits you with a great sword!!
* * * LOW HITPOINT WARNING * * *
You hit the death knight.
The death knight is lightly wounded.
The death knight hits you with a great sword!!
You die...

* *** #######
#.#.##., <,,
§.§..<# ###.#>... *
§§§§..####..(.....#
* * *
§.§........##..#.#*
.§>...######.....#
, §.....####
#.....# #* ,
(........# #.....#
* ..*
......##.###†.[.@#
,...,
########....#.##p#
....
####...##W##.....,
##...WYW...... , ,
* ##.##.##..... * *
* > #...†#* .... ,
###..## ... , , ,,
* ##..# ... ,, ** *
*** #..#..... ,


You could see a death knight, a freezing wraith, 2 wraiths and an ice beast.

Vanquished Creatures
  An unseen horror (D:10)
  Maurice (D:8)
  Joseph (D:7)
  A centaur skeleton (D:10)
  A hornet (D:9)
  Grinder (D:5)
  A hippogriff (D:10)
  A shadow (D:11)
  A vampire (D:10)
  A wraith (D:10)
  2 wyverns
  3 yaks (D:11)
  Grum (D:8)
  A steam dragon (D:10)
  Menkaure (D:7)
  Duvessa (D:7)
  3 sky beasts
  2 orc warriors
  A black bear (D:11)
  7 ogres
  2 phantoms
  3 ice beasts
  2 centaurs (D:10)
  3 wolves (D:8)
  7 big kobolds
  2 bullfrogs
  A water moccasin zombie (D:5)
  Dowan (D:7)
  A wyvern skeleton (D:10)
  2 scorpions
  11 killer bees
  8 howler monkeys
  3 crimson imps (D:9)
  A bullfrog zombie (D:10)
  3 centaur zombies
  12 hounds
  5 orc priests
  Crazy Yiuf (D:7)
  3 jellies
  14 orc wizards
  A bullfrog skeleton (D:8)
  5 iguanas
  2 worker ants
  A hound zombie (D:7)
  A hound skeleton (D:4)
  A worker ant zombie (D:7)
  9 adders
  A howler monkey skeleton (D:8)
  7 river rats
  4 shadow imps
  3 oozes (Sewer)
  An adder zombie (D:5)
  An adder skeleton (D:6)
  2 dart slugs
  7 leopard geckos
  26 orcs
  4 giant cockroaches
  11 goblins
  7 hobgoblins
  18 jackals
  20 kobolds
  3 quokkas
  8 ball pythons
  7 bats
  2 frilled lizards
  A leopard gecko skeleton (D:5)
  14 rats
284 creatures vanquished.

Vanquished Creatures (others)
  A hobgoblin (D:2)
1 creature vanquished.

Grand Total: 285 creatures vanquished

Notes
Turn   | Place    | Note
-------+----------+-------------------------------------------
     0 | D:1      | poirepourri the Deep Dwarf Fighter began the quest for the Orb.
     0 | D:1      | Reached XP level 1. HP: 20/20 MP: 1/1
    72 | D:1      | Reached skill level 3 in Axes
    72 | D:1      | Reached XP level 2. HP: 27/27 MP: 2/2
   326 | D:1      | Reached XP level 3. HP: 29/33 MP: 3/3
   331 | D:1      | Reached skill level 4 in Axes
   646 | D:2      | Found a stormy altar of Qazlal.
   700 | D:2      | Found a burning altar of Makhleb.
   702 | D:2      | Found a radiant altar of Vehumet.
   707 | D:2      | Reached skill level 5 in Axes
   707 | D:2      | Reached XP level 4. HP: 31/40 MP: 4/4
   732 | D:2      | Found a basalt altar of Yredelemnul.
   749 | D:2      | Became a worshipper of Makhleb the Destroyer
  1364 | D:3      | Reached XP level 5. HP: 33/46 MP: 5/5
  1539 | D:3      | Found a glowing silver altar of Zin.
  1603 | D:3      | Reached * piety under Makhleb
  1603 | D:3      | Reached skill level 6 in Axes
  1654 | D:3      | Found a deep blue altar of Sif Muna.
  1982 | D:4      | Reached skill level 7 in Axes
  1982 | D:4      | Reached XP level 6. HP: 32/55 MP: 5/5
  2047 | D:4      | Found a sparkling altar of Nemelex Xobeh.
  2085 | D:4      | Found a glowing drain.
  2093 | Sewer    | Entered a sewer
  2193 | Sewer    | Reached skill level 8 in Axes
  2245 | Sewer    | Reached ** piety under Makhleb
  2249 | Sewer    | Reached XP level 7. HP: 54/61 MP: 6/6
  2380 | Sewer    | Reached skill level 9 in Axes
  3301 | D:4      | Reached skill level 10 in Axes
  3539 | D:5      | Entered Level 5 of the Dungeon
  3553 | D:5      | Reached XP level 8. HP: 68/68 MP: 7/7
  3618 | D:5      | Noticed Grinder
  3653 | D:5      | Killed Grinder
  3653 | D:5      | Reached skill level 11 in Axes
  3779 | D:5      | Found Aczas's Food Shoppe.
  3792 | D:5      | Bought a ration for 65 gold pieces
  3792 | D:5      | Bought a ration for 65 gold pieces
  4151 | D:6      | Reached *** piety under Makhleb
  4151 | D:6      | Reached skill level 12 in Axes
  4181 | D:6      | Found a staircase to the Ecumenical Temple.
  4749 | D:7      | Noticed Menkaure
  4760 | D:7      | Killed Menkaure
  4760 | D:7      | Gained mutation: You passively map the area around you. [Deep Dwarf growth]
  4760 | D:7      | Reached XP level 9. HP: 66/74 MP: 8/8
  4821 | D:7      | Noticed Joseph
  4825 | D:7      | Noticed Duvessa
  4828 | D:7      | Noticed Dowan
  4838 | D:7      | Killed Joseph
  4838 | D:7      | Reached skill level 13 in Axes
  4840 | D:7      | Killed Duvessa
  4840 | D:7      | Killed Dowan
  5152 | D:7      | Found a runed door.
  5186 | D:7      | Reached skill level 14 in Axes
  5406 | D:7      | Noticed Crazy Yiuf
  5411 | D:7      | Killed Crazy Yiuf
  5416 | D:7      | Got a slimy mace
  5437 | D:7      | Identified the +6 mace of Debt {crush, rPois rC+ rN+ Str+3} (You found it on level 7 of the Dungeon)
  5493 | D:8      | Noticed Maurice
  5501 | D:8      | Noticed Grum
  5522 | D:8      | Killed Grum
  5548 | D:8      | Found Gero's Food Shoppe.
  5736 | D:8      | Reached **** piety under Makhleb
  6090 | D:8      | Killed Maurice
  6090 | D:8      | Reached XP level 10. HP: 85/85 MP: 9/9
  6286 | D:8      | Reached skill level 15 in Axes
  6299 | D:8      | Reached skill level 1 in Maces & Flails
  6726 | D:9      | Found an ancient bone altar of Kikubaaqudgha.
  6873 | D:9      | Found a staircase to the Lair.
  7235 | D:10     | Entered Level 10 of the Dungeon
  7276 | D:10     | Reached ***** piety under Makhleb
  7276 | D:10     | Reached skill level 5 in Fighting
  7659 | D:10     | Reached XP level 11. HP: 103/103 MP: 10/10
  7873 | D:10     | Killed an unseen horror
  8184 | D:11     | Noticed a death knight
  8205 | D:11     | Mangled by a death knight

Skill      XL: |  1  2  3  4  5  6  7  8  9 10 11 |
---------------+----------------------------------+-----
Axes           | 3 5 7 8 10 12 14 15 | 15.2
Fighting       | 3 7 9 |  9.0
Maces & Flails | 3 |  3.3
Armour         | |  3.2
Shields        | |  3.2

Action                   |  1- 3 |  4- 6 |  7- 9 | 10-12 || total
-------------------------+-------+-------+-------+-------++-------
Melee: War axe           |   101 |   197 |   288 |       ||   586
       Mace              |       |       |    76 |   383 ||   459
 Abil: Heal Wounds       |       |     2 |     2 |     2 ||     6
Evoke: Wand              |       |       |     3 |     1 ||     4
  Use: Scroll            |     5 |    10 |    15 |    12 ||    42
       Potion            |       |     1 |     7 |     4 ||    12
 Stab: Invisible         |       |       |     6 |       ||     6
  Eat: Ration            |     1 |     1 |     4 |     1 ||     7
       Chunk             |       |       |     1 |     2 ||     3
Armor: Scale mail        |    63 |    75 |   104 |   199 ||   441
Dodge: Dodged            |    43 |    70 |    72 |    75 ||   260
Block: Shield            |    68 |   105 |   158 |   232 ||   563
